 Dungeon Crawl Stone Soup version 0.25-a0-632-g7713895373 (webtiles) character file.

Game seed: 3594243624863926612, levelgen mode: deterministic

122 Eurus the Conjurer (level 4, -4/30 HPs)
             Began as a Mummy Conjurer on Mar 19, 2020.
             Slain by Sigmund
             ... wielding a +0 scythe
              (12 damage)
             ... on level 3 of the Dungeon.
             The game lasted 00:05:23 (2606 turns).

Eurus the Conjurer (Mummy Conjurer)                 Turns: 2606, Time: 00:05:24

Health: -4/30      AC:  3    Str: 11    XL:     4   Next: 78%
Magic:  10/10      EV: 12    Int: 15    God:
Gold:   107        SH:  0    Dex: 12    Spells: 8/11 levels left

rFire    x . .     SeeInvis .   f - +0 dagger
rCold    + . .     Gourm    .   (no shield)
rNeg     + + +     Faith    .   a - +0 robe
rPois    ∞         Spirit   .   h - +0 helmet
rElec    .         Reflect  .   (no cloak)
rCorr    .         Harm     .   (no gloves)
MR       .....                  (no boots)
Stlth    ++........             (no amulet)
HPRegen  0.10/turn              (no ring)
MPRegen  0.12/turn              (no ring)

@: no status effects
A: no food or potions, fire vulnerability, cold resistance 1, negative energy
resistance 3, torment resistance, unbreathing
a: no special abilities


You were on level 3 of the Dungeon.
You were not hungry.

You visited 1 branch of the dungeon, and saw 3 of its levels.

You collected 107 gold pieces.

Inventory:

Hand Weapons
 f - a +0 dagger (weapon)
Armour
 a - a +0 robe (worn)
 h - a +0 helmet (worn)
 j - a +0 tower shield
Scrolls
 b - 2 scrolls of fog {unknown}
 c - a scroll of remove curse {unknown}
 d - 2 scrolls of teleportation {unknown}
 e - 3 scrolls of amnesia {unknown}
 g - 4 scrolls of identify {unknown}
 i - a scroll of blinking {unknown}


   Skills:
 - Level 1.5 Dodging
 - Level 1.5 Stealth
 + Level 0.0 Shields
 * Level 4.1 Spellcasting
 * Level 4.6 Conjurations


You had 8 spell levels left.
You knew the following spells:

 Your Spells              Type           Power        Failure   Level  Hunger
a - Magic Dart            Conj           ###.         2%          1    N/A
b - Searing Ray           Conj           ###...       4%          2    N/A

Your spell library contained the following spells:

 Spells                   Type           Power        Failure   Level  Hunger
 Dazzling Flash           Conj/Hex       ##....       21%         3    N/A
 Fulminant Prism          Conj/Hex       ##........   56%         4    N/A
 Iskenderun's Mystic Bla  Conj/Tloc      ##......     56%         4    N/A

Dungeon Overview and Level Annotations

Branches:
Dungeon (3/15)

Altars:
Cheibriados

Annotations:
D:3 Sigmund


Innate Abilities, Weirdness & Mutations

You do not eat or drink.
Your flesh is vulnerable to fire.
You are immune to poison.
Your flesh is cold resistant. (rC+)
You are immune to negative energy. (rN+++)
You are immune to unholy pain and torment.
You can survive without breathing.


Message History

Sigmund closely misses you.
Sigmund gestures wildly while chanting.
Sigmund flickers and vanishes!
Deactivating autopickup; reactivate with Ctrl-A.
Things that are here:
a +0 short sword; a robe; a kobold corpse Something hits you but does no damage.
You see here a stone.
You see here a stone.
A magic dart appears from out of thin air!
The magic dart hits you.
A puff of flame appears from out of thin air!
The puff of flame misses you.
A puff of flame appears from out of thin air!
The puff of flame hits you! The fire burns you terribly!
Ouch! That really hurt!
* * * LOW HITPOINT WARNING * * *
There is a stone staircase leading up here.
Something hits you!
You die...

.# #.# ##.## #.#
##...### #.# ##....... #
#.# ##.......#
####.####.#####.........
..(....@.....# #.......#
.#####....##.# #.....#
#..(...(#####...###
#........((.).....#
#.......#####..##.#
#.........# #..##.#
#.#.......# ###..##.#
...#........ ..[......
.# #..............##.#


There were no monsters in sight!

Vanquished Creatures
  Natasha (D:3)
  Robin (D:2)
  3 adders
  An ooze (D:1)
  A worm (D:2)
  A dart slug (D:1)
  2 bats
  2 giant cockroaches
  8 goblins
  7 hobgoblins
  2 quokkas (D:2)
  2 ball pythons
  5 frilled lizards
  8 kobolds
  8 rats
52 creatures vanquished.

Notes
Turn   | Place    | Note
-------+----------+-------------------------------------------
     0 | D:1      | Eurus the Mummy Conjurer began the quest for the Orb.
     0 | D:1      | Reached XP level 1. HP: 13/13 MP: 4/4
   284 | D:1      | Reached XP level 2. HP: 16/19 MP: 0/6
   295 | D:1      | Learned a level 2 spell: Searing Ray
  1132 | D:2      | Reached XP level 3. HP: 24/24 MP: 4/7
  1203 | D:2      | Found a snail-covered altar of Cheibriados.
  2177 | D:3      | Noticed Robin
  2218 | D:2      | Killed Robin
  2218 | D:2      | Reached XP level 4. HP: 27/30 MP: 2/9
  2463 | D:3      | Noticed Natasha
  2469 | D:3      | Killed Natasha
  2573 | D:3      | Noticed Sigmund
  2606 | D:3      | Slain by Sigmund

Levels and vault maps discovered:
D:1:      dpeg_arrival_rhombi, layout_loops_ring, minmay_misc_feat_chi
D:2:      layout_basic, nicolae_overflow_crystal_walls
D:3:      layout_loops_ring, minitemple, first_ration, uniq_robin, uniq_ijyb,
          uniq_terence, uniq_sigmund, uniq_natasha

Skill      XL: |  1  2  3  4 |
---------------+-------------+-----
Spellcasting   | 3 4 |  4.1
Conjurations   | 4 |  4.6
Dodging        | |  1.5
Stealth        | |  1.5

Action                   |  1- 3 |  4- 6 || total
-------------------------+-------+-------++-------
Melee: Club              |     7 |       ||     7
       Unarmed           |     4 |       ||     4
       Dagger            |    38 |     3 ||    41
 Cast: Magic Dart        |    60 |    16 ||    76
       Searing Ray       |     4 |     3 ||     7
Armor: Robe              |    12 |     3 ||    15
Dodge: Dodged            |    35 |     5 ||    40

Table legend:
 A = Non-vault XP
 B = Vault XP
 C = Vault XP percentage of total XP
 D = Non-vault monster count
 E = Vault monster count
 F = Vault count percentage of total count
                 A         B        C        D         E       F
            +---------+---------+-------+---------+---------+-------
      Total |     112 |      63 |  36.0 |      43 |       9 |  17.3
            +---------+---------+-------+---------+---------+-------
        D:1 |      39 |       0 |   0.0 |      22 |       0 |   0.0
        D:2 |      52 |      15 |  22.4 |      14 |       1 |   6.7
        D:3 |      21 |      48 |  69.6 |       7 |       8 |  53.3
            +---------+---------+-------+---------+---------+-------
